 Dungeon Crawl Stone Soup version 0.31.0-9-g3a7656b989 (console) character file.

Game seed: 1447889281057854306

710 AlterAsc the Cleaver (level 8, -1/58 HPs)
             Began as a Formicid Fighter on Jan 28, 2024.
             Slain by an orc
             ... wielding a +0 dagger
              (2 damage)
             ... on level 5 of the Dungeon.
             The game lasted 00:06:34 (3457 turns).

AlterAsc the Cleaver (Formicid Fighter)             Turns: 3457, Time: 00:06:35

Health: -1/58      AC: 13    Str: 23    XL:     8   Next: 0%
Magic:  8/8        EV:  6    Int:  8    God:
Gold:   205        SH:  5    Dex: 13    Spells: 7/7 levels left

rFire   . . .        a - +0 war axe
rCold   . . .        c - +0 buckler
rNeg    . . .        E - +0 plate armour
rPois   .            (helmet unavailable)
rElec   .            C - +0 cloak
rCorr   .            (no gloves)
SInv    +            G - +0 pair of boots
Will    ++...        g - amulet of regeneration Stlth
                     e - ring of willpower
HPRegen 1.09/turn    p - ring of willpower
MPRegen 0.11/turn

%: no passive effects
@: on fire, glowing
A: permanent stasis, dig shafts and tunnels, antennae 3, four strong arms
a: Dig, Shaft Self


You were on level 5 of the Dungeon.
You visited 1 branch of the dungeon, and saw 5 of its levels.

You collected 205 gold pieces.

Inventory:

Hand Weapons
 a - a +0 war axe (weapon)
 z - a +0 glaive
Missiles
 m - 12 poisoned darts (quivered)
Armour
 c - a +0 buckler (worn)
 C - a +0 cloak (worn)
 E - a +0 plate armour (worn)
 G - a +0 pair of boots (worn)
Jewellery
 e - a ring of willpower (left hand)
 g - an amulet of regeneration (around neck)
 p - a ring of willpower (right hand)
 H - a ring of positive energy
Wands
 q - a wand of digging (10)
 s - a wand of quicksilver (23)
 w - a wand of roots (12)
 A - a wand of flame (31)
 F - a wand of charming (8)
Scrolls
 f - a scroll of poison {unknown}
 i - 2 scrolls of enchant armour {unknown}
 j - a scroll of silence {unknown}
 r - 3 scrolls of identify {unknown}
 t - a scroll of torment {unknown}
 x - a scroll of revelation {unknown}
 y - a scroll of immolation {unknown}
 B - a scroll of fear {unknown}
 D - a scroll of enchant weapon {unknown}
Potions
 b - a potion of brilliance {unknown}
 d - 4 potions of might
 h - 3 potions of curing {unknown}
 k - a potion of magic {unknown}
 l - 3 potions of degeneration {unknown}
 n - a potion of attraction {unknown}
 o - a potion of lignification {unknown}
 u - a potion of ambrosia {unknown}
 v - a potion of invisibility {unknown}
 I - a potion of cancellation {unknown}


   Skills:
 - Level 3.2 Fighting
 + Level 8.5 Axes
 - Level 3.2 Armour
 - Level 4.0 Shields


You had 7 spell levels left.
You didn't know any spells.
Your spell library contained the following spells:

 Spells                   Type           Power      Damage    Failure   Level
 Cigotuvi's Dreadful Rot  Necr/Alch/Air  0%         N/A       100%        2
 Ignite Poison            Fire/Alch      0%         N/A       100%        4
 Freezing Cloud           Conj/Ice/Air   0%         6-21      100%        5


Dungeon Overview and Level Annotations

Branches:
Dungeon (5/15)
 Temple: D:4-7

Altars:
Dithmenos
Gozag
Zin

Annotations:
D:4 1 runed translucent door, Crazy Yiuf


Innate Abilities, Weirdness & Mutations

You cannot be hasted, slowed, berserked, paralysed or teleported.
You can dig through walls and to a lower floor.
You have a pair of large antennae on your head. (SInv)
Your four strong arms can wield two-handed weapons with a shield.


Message History

The orc priest calls down the wrath of Beogh upon you.
Beogh smites you!
The bombardier beetle sprays incendiary fluid at you.
The burning spray hits you.
You are even more covered in liquid fire!
You slash the bombardier beetle!
You kill the bombardier beetle!
The liquid fire burns you!
You have reached level 8!
You feel clever.
A dart slug comes into view.
You shake off some of the fire as you move.
The liquid fire burns you!
You shake off some of the fire as you move.
The liquid fire burns you!
* * * LOW HITPOINT WARNING * * *
You block the orc priest's attack. You block the orc wizard's attack.
You slash the orc priest!
The orc priest is severely wounded.
You closely miss the orc wizard. You hit the orc. The liquid fire burns you!
* * * LOW HITPOINT WARNING * * *
The orc priest hits you with a +0 hand axe.
* * * LOW HITPOINT WARNING * * *
The orc hits you with a +0 dagger.
* * * LOW HITPOINT WARNING * * *
The orc wizard hits you with a +0 dagger.
* * * LOW HITPOINT WARNING * * *
The dart slug launches a dart at you. The slug dart misses you.
The slug dart misses the orc wizard.
You closely miss the orc priest.
The orc priest is severely wounded.
You barely miss the orc. You closely miss the orc wizard.
The liquid fire burns you!
* * * LOW HITPOINT WARNING * * *
The orc priest hits you with a +0 hand axe.
* * * LOW HITPOINT WARNING * * *
The orc wizard hits you but does no damage.
The orc hits you with a +0 dagger.
You die...

..###### ######
.......# ..... #
......## ......#
......## .....#
########.....##....#
..........>...#...#
..#..#........o#.#
............†o@o##
..#..#..###......#
.........####.....#
########.## ###....#
#..# #...w. ##.#
#..... ### #.##
#.... ..# ##.# #...
..## #.## .. ...##
#..# ....## ##.##


You could see an orc priest, an orc wizard (invisible), a dart slug and an orc.

Vanquished Creatures
  Duvessa (D:4)
  An ogre (D:4)
  Blork the orc (D:4)
  A scorpion (D:4)
  Dowan (D:4)
  2 bombardier beetles (D:5)
  A hound (D:4)
  A jelly (D:4)
  Ijyb (D:4)
  An orc wizard (D:4)
  Robin (D:4)
  3 adders
  A gnoll (D:1)
  A white imp (D:5)
  5 ribbon worms
  3 dart slugs
  5 orcs
  8 ball pythons
  5 bats
  5 endoplasms
  2 giant cockroaches (D:1)
  16 goblins
  14 hobgoblins
  3 jackals (D:1)
  4 quokkas
  3 frilled lizards (D:1)
  11 kobolds
  4 rats
105 creatures vanquished.

Notes
Turn   | Place    | Note
-------+----------+-------------------------------------------
     0 | D:1      | AlterAsc the Formicid Fighter began the quest for the Orb.
     0 | D:1      | Reached XP level 1. HP: 18/18 MP: 1/1
    46 | D:1      | Reached XP level 2. HP: 10/24 MP: 2/2
   116 | D:1      | Reached skill level 3 in Axes
   266 | D:1      | Reached XP level 3. HP: 27/29 MP: 3/3
  1051 | D:2      | Reached skill level 4 in Axes
  1051 | D:2      | Reached XP level 4. HP: 35/35 MP: 4/4
  2053 | D:3      | Reached XP level 5. HP: 41/41 MP: 5/5
  2099 | D:3      | Found a glowing silver altar of Zin.
  2134 | D:3      | Found an opulent altar of Gozag.
  2492 | D:4      | Noticed Blork the orc
  2504 | D:4      | Reached skill level 5 in Axes
  2505 | D:4      | Killed Blork the orc
  2578 | D:4      | Reached XP level 6. HP: 47/47 MP: 6/6
  2611 | D:4      | Noticed Robin
  2620 | D:4      | Killed Robin
  2621 | D:4      | Reached skill level 6 in Axes
  2795 | D:4      | Noticed an ogre
  2827 | D:4      | Killed an ogre
  2838 | D:4      | Noticed Duvessa
  2838 | D:4      | Noticed Dowan
  2848 | D:4      | Killed Duvessa
  2849 | D:4      | Reached skill level 7 in Axes
  2849 | D:4      | Reached XP level 7. HP: 24/52 MP: 7/7
  2853 | D:4      | Killed Dowan
  3009 | D:4      | Found a runed translucent door.
  3010 | D:4      | Noticed Crazy Yiuf
  3167 | D:4      | Reached skill level 8 in Axes
  3177 | D:4      | Noticed Ijyb
  3191 | D:4      | Killed Ijyb
  3325 | D:5      | Entered Level 5 of the Dungeon
  3414 | D:5      | Found a shadowy altar of Dithmenos.
  3454 | D:5      | Reached XP level 8. HP: 22/58 MP: 8/8
  3457 | D:5      | HP: 2/58 [burnt (5)]
  3457 | D:5      | Slain by an orc

Illustrated notes

Levels and vault maps discovered:
D:1:      lightli_arrival_boilingwater, layout_basic
D:2:      minmay_chambers_of_twos, layout_basic
D:3:      layout_basic, pdpol_temple_overflow_zin_treasury_gozag_greed
D:4:      layout_gridville, serial_glass, glass_columns_a, glass_columns_c,
          uniq_robin, uniq_duvessa, uniq_ijyb, uniq_blork_the_orc,
          uniq_crazy_yiuf_cottage
D:5:      layout_cave_pods, kennysheep_mini, nicolae_dithmenos_shadow_blocks,
          columned_hall_lemuel, minmay_misc_feat_tiny, uniq_sigmund

Skill      XL: |  1  2  3  4  5  6  7 |
---------------+----------------------+-----
Axes           | 3 4 5 7 8 |  8.5
Fighting       | |  3.2
Armour         | |  3.2
Shields        | |  4.0

Action                     |  1- 3 |  4- 6 |  7- 9 || total
---------------------------+-------+-------+-------++-------
  Melee: War axe           |    97 |   138 |    61 ||   296
  Throw: Dart              |       |     5 |       ||     5
    Use: Potion            |       |     1 |       ||     1
 Armour: Scale mail        |    57 |    58 |       ||   115
         Chain mail        |       |    39 |     6 ||    45
         Plate armour      |       |       |    34 ||    34
  Dodge: Dodged            |    33 |    69 |    12 ||   114
  Block: Buckler           |    26 |    42 |    11 ||    79
